[Event "*** SCC Grand Prix: Titled Tuesday Blitz"]
[Site "Chess.com"]
[Date "2020.08.04"]
[Round "6"]
[White "onnoelgersma"]
[Black "peixe64"]
[Result "0-1"]
[WhiteElo "2450"]
[BlackElo "2337"]
[TimeControl "180+1"]
[EndTime "14:52:28 PDT"]
[Termination "peixe64 won by resignation"]

1. e4 e5 2. Nf3 Nc6 3. Bb5 a6 4. Ba4 Nf6 5. d3 Bc5 6. O-O d6 7. a3 h6 8. Nc3 O-O 9. Be3 Nd4 10.
Bxd4 exd4 11. Ne2 Bg4 12. Ng3 d5 13. h3 Bxf3 14. Qxf3 dxe4 15. Nxe4 Nxe4 16. Qxe4 Bd6 17. Bb3 Rb8 18. Rfe1 c5 19. a4 b5 20. axb5 axb5 21.
Ra7 Qb6 22. Rd7 Rbd8 23. Rxd8 Qxd8 24. Qf5 Qc7 25. Bd5 Bh2+ 26. Kh1 Qf4 27. Qxf4 Bxf4 28.
Re7 Bc1 29. b3 Ba3 30. Rb7 Bb4 31. Rxb5 Rd8 32. Be4 Re8 33. Rb7 g6 34. g3 Kg7 35.
Kg2 Kf6 36. Bd5 Re7 37. Rb6+ Ke5 38. Be4 Re6 39. Rb7 Kf6 40. Bd5 Re7 41. Rb6+ Ke5 42. Bc4 Kf5 43. Rd6 Ke5 44. Rd5+ Kf6 45. Rd8 Kg7 46.
h4 h5 47. Kf3 Kf6 48. Rd6+ Kg7 49. g4 hxg4+ 50. Kxg4 Ra7 51. f4 Re7 52. f5 gxf5+ 53. Kxf5 Re1 54. Rd7 Rf1+ 55. Ke4 Be1 56. h5 Bh4 57.
h6+ Kxh6 58. Bxf7 Be1 59. Bc4 Bb4 60. Kd5 Re1 61. Kc6 Kg5 62. Rg7+ Kf6 63. Rf7+ Kg5 64.
Rf2 Re5 65. Bd5 Rf5 66. Rg2+ Kf6 67. Be4 Re5 68. Rf2+ Ke7 69. Bd5 Kd8 70. Rf7 Rg5 71. Be6 Rg6 72. Kd5 Rg5+ 73. Kd6 c4+ 74. Kc6 cxd3 75. cxd3 Rc5+ 76. Kb6 Rc3 77. Bc4 Rc1 78. Kb5 Bc3 79. b4 Rb1 80. Kc6 Rxb4 81. Be6 Ke8 82. Rh7 Ra4 83. Kd6 Ra6+ 84. Ke5 Kf8 85. Kf6 Rxe6+ 86. Kxe6 Kg8 87. Rd7 Kf8 88. Kd5 Ke8 89. Ke4 Kxd7 90. Kd5 Kc7 91. Kc4 Kd7 92. Kd5 Ke7 93.
Ke5 Ba1 94. Kd5 Kf6 95. Ke4 Ke6 96. Kf4 Kd5 97. Kf3 Kc5 98. Ke2 Kb4 99. Kd2 Bc3+ 100. Kc2 Ka3 101. Kc1 Kb3 102. Kd1 Kb2 103. Ke2 Kc2 104. Kf3 Kxd3 0-1

[Event "*** SCC Grand Prix: Titled Tuesday Blitz"]
[Site "Chess.com"]
[Date "2020.08.04"]
[Round "6"]
[White "tptagain"]
[Black "DenLaz"]
[Result "1/2-1/2"]
[WhiteElo "2939"]
[BlackElo "2722"]
[TimeControl "180+1"]
[EndTime "14:52:32 PDT"]
[Termination "Game drawn - insufficient material"]

1. Nf3 d5 2. g3 c6 3. Bg2 Bf5 4. d3 e6 5. O-O Nf6 6. Nbd2 h6 7. b3 Be7 8. Bb2 O-O 9. Re1 Bh7 10. e4 a5 11. a4 Na6 12. e5 Nd7 13. Nd4 Qb6 14.
N2f3 Nb4 15. h4 Rac8 16. Re2 Rfd8 17. Rd2 Nf8 18. h5 c5 19. Nb5 c4 20. Bd4 Qa6 21.
dxc4 dxc4 22. c3 Nd5 23. bxc4 Rxc4 24. Bf1 Qc6 25. Bxc4 Qxc4 26. Qe2 Qc6 27. Rad1 Re8 28. Nd6 Rd8 29. c4 Nb4 30. Bc3 Qxa4 31. Nxb7 Rxd2 32. Rxd2 Qb3 33. Bb2 Bd3 34. Qd1 Qxd1+ 35. Rxd1 Be4 36. Nxa5 Bxf3 37. Rd2 Nc6 38. Nxc6 Bxc6 39. Bd4 g6 40.
hxg6 fxg6 41. Ra2 Kf7 42. Ra6 Be4 43. Ra7 Ke8 44. f4 g5 45. fxg5 hxg5 46. Kf2 Nd7 47. Ke3 Bh1 48. Kd2 Nb8 49. Bc3 Nc6 50. Ra8+ Kf7 51.
Rc8 Bf3 52. Ke3 g4 53. Kd3 Kg6 54. Bd4 Kf5 55. c5 Nxe5+ 56. Bxe5 Kxe5 57. c6 Kd6 58. c7 Kd7 59. Re8 Bb7 60. Rg8 Kxc7 61. Rxg4 Kd6 62. Ke3 Bf6 63. Rb4 Bd5 64. g4 Bg5+ 65. Kd4 Bd8 66. Rb1 Bf6+ 67. Ke3 Ke5 68. Rf1 Bg5+ 69. Kd3 Bb7 70. Rf8 Ba6+ 71. Kc3 Ke4 72. Ra8 Be2 73.
Re8 e5 74. Rg8 Kf4 75. Rf8+ Kxg4 76. Kc2 Bf3 77. Kd3 e4+ 78. Kd4 e3 79. Re8 e2 80.
Kd3 Bh4 81. Rxe2 Bxe2+ 82. Kxe2 1/2-1/2

[Event "*** SCC Grand Prix: Titled Tuesday Blitz"]
[Site "Chess.com"]
[Date "2020.08.04"]
[Round "6"]
[White "ArjunErigaisi2003"]
[Black "Anton_Demchenko"]
[Result "1-0"]
[WhiteElo "3043"]
[BlackElo "2830"]
[TimeControl "180+1"]
[EndTime "14:52:34 PDT"]
[Termination "ArjunErigaisi2003 won by resignation"]

1. d4 d5 2. Nf3 Nf6 3. c4 dxc4 4. e3 Bg4 5. Bxc4 e6 6. O-O Nbd7 7. b3 Be7 8. Bb2 O-O 9. Nbd2 a6 10. Be2 c5 11.
Rc1 Rc8 12. h3 Bh5 13. a4 Bg6 14. Nc4 Nd5 15. a5 cxd4 16. Bxd4 Bb4 17. Ra1 Nc3 18. Qd2 Nxe2+ 19. Qxe2 Nc5 20. Rfd1 Qe7 21. Nb6 Rcd8 22.
Qc4 Ne4 23. Ne5 Nf6 24. Nxg6 hxg6 25. Ra4 Bd6 26. Rc1 Rfe8 27. Ra2 g5 28. g4 Bb8 29.
Qc5 Qxc5 30. Bxc5 Ne4 31. Rac2 Nd2 32. b4 Nb3 33. Rb1 Nd2 34. Rbb2 Nf3+ 35. Kg2 Ne1+ 36.
Kf1 Nxc2 37. Rxc2 Be5 38. Ke2 Bd6 39. Bxd6 Rxd6 40. Rc7 Rb8 41. Nd7 Rd8 42. Nc5 Rd2+ 43. Kf3 Rb2 44. Rxb7 Rdd2 45. Ne4 Rdc2 46. Rb8+ Kh7 47. Nxg5+ Kg6 48. Ne4 f5 49. gxf5+ exf5 50. Rb6+ Kh5 51. Ng3+ Kg5 52. h4+ Kxh4 53. Nxf5+ Kg5 54.
Nxg7 Rxf2+ 55. Ke4 Rf6 56. Ne6+ Kh6 57. Ke5 Rg6 58.
e4 Rb1 59. Kd5 Rd1+ 60. Nd4 Rb1 61. Rxg6+ Kxg6 62. Kc5 Kf6 63. Nc6 Ke6 64. Nb8 Rc1+ 65.
Kb6 Re1 66. Nxa6 Kd6 67. Nc5 Rh1 68. a6 Rh6 69. a7 Rh8 70. Kb7 Ke5 71. a8=Q Rxa8 72.
Kxa8 Kd4 73. Kb7 Kc4 74. Kc6 Kxb4 75. e5 Kc4 76. e6 1-0

[Event "*** SCC Grand Prix: Titled Tuesday Blitz"]
[Site "Chess.com"]
[Date "2020.08.04"]
[Round "6"]
[White "rynos0411"]
[Black "MPGM"]
[Result "1-0"]
[WhiteElo "2374"]
[BlackElo "2508"]
[TimeControl "180+1"]
[EndTime "14:52:39 PDT"]
[Termination "rynos0411 won by resignation"]

1. d4 d5 2. c4 e6 3. Nf3 c5 4.
cxd5 exd5 5. Nc3 Nf6 6. g3 Nc6 7. Bg2 cxd4 8. Nxd4 Bc5 9. Nb3 Bb6 10. O-O d4 11. Nb5 O-O 12. Bf4 Re8 13. Nd6 Re7 14. Nxc8 Qxc8 15. Rc1 Qe6 16. Re1 Ne4 17. e3 Nxf2 18.
Kxf2 dxe3+ 19. Kf1 Qf6 20. Qf3 g5 21. Bxe3 Qxf3+ 22. Bxf3 Bxe3 23. Rc3 Rae8 24. Bxc6 bxc6 25. Rxc6 Bb6 26.
Rxe7 Rxe7 27. Nd2 Kg7 28. Nc4 Bd4 29. b3 Rd7 30. Ke2 h5 31. Ra6 f5 32. Ra5 Kg6 33.
Ra6+ Kg7 34. Ra5 Rf7 35. Rd5 Bg1 36. Nd6 Re7+ 37. Kf1 Kf6 38. Kxg1 Ke6 39. Rd2 Rd7 40. Nc4 Rc7 41. Kf2 Rc6 42. Rd8 Ra6 43. Rd2 Kf6 44.
Re2 f4 45. h3 fxg3+ 46. Kxg3 Rc6 47. h4 gxh4+ 48. Kxh4 Kg6 49. Rg2+ Kh6 50. Ne5 Re6 51. Nf3 Re4+ 52. Kg3 h4+ 53. Nxh4 Kg5 54. Nf3+ Kf5 55.
Kf2 Rb4 56. Rg5+ Kf6 57. Ra5 Rb7 58. Ke3 Rf7 59. Nd4 Re7+ 60. Kd3 Rh7 61. Kc4 Rc7+ 62. Kb4 Rb7+ 63. Rb5 Rd7 64. Nc2 Ke6 65. Ne3 Rc7 66. Nc4 Ke7 67. a4 Kd7 68. Rd5+ Ke8 69. a5 Rb7+ 70. Rb5 Rc7 71. Kc3 Kd7 72. b4 Kd8 73.
Kd4 Rd7+ 74. Rd5 Rxd5+ 75. Kxd5 Kc7 76. Kc5 Kb7 77. Kd6 Ka8 78. Kc6 Kb8 79. b5 Ka8 80. b6 Kb8 81. bxa7+ Ka8 82. Kb5 Kb7 83. a8=Q+ Kxa8 84. Kb6 Kb8 85. a6 Ka8 86. Nd6 Kb8 87. Nb5 Ka8 88. Nc7+ Kb8 89. a7+ Kc8 90. a8=Q+ Kd7 1-0

[Event "*** SCC Grand Prix: Titled Tuesday Blitz"]
[Site "Chess.com"]
[Date "2020.08.04"]
[Round "6"]
[White "Siemba"]
[Black "smartinusa"]
[Result "1/2-1/2"]
[WhiteElo "2410"]
[BlackElo "2574"]
[TimeControl "180+1"]
[EndTime "14:52:42 PDT"]
[Termination "Game drawn - insufficient material"]

1. e4 c5 2. Nf3 Nc6 3. d4 cxd4 4. Nxd4 g6 5. c4 Nf6 6. Nc3 Nxd4 7. Qxd4 d6 8. Be2 Bg7 9. Bg5 O-O 10. Qd2 Be6 11. Rd1 Qa5 12. b3 Rfc8 13. f3 a6 14. Na4 Qd8 15. Qe3 Nd7 16. Rxd6 b5 17. Nb6 bxc4 18.
Nxc8 Rxc8 19. Rxe6 fxe6 20. Bxc4 Qa5+ 21. Kf2 Nf8 22. a4 Rd8 23. Qc1 Qb6+ 24. Be3 Bd4 25. Bxd4 Qxd4+ 26. Qe3 Qb2+ 27. Kg3 Rd2 28. Rg1 Qe5+ 29.
f4 Qb2 30. e5 Rc2 31. Kh4 Rc3 32. Qc5 Qd2 33. Rf1 Qxg2 34. Bxe6+ Nxe6 35. Qxc3 Qxf1 36. Qc8+ Nf8 37. Kg3 Qe1+ 38. Kg4 Qe2+ 39. Kg3 Qe3+ 40. Kg4 Qxb3 41. Qxa6 Kf7 42. a5 h5+ 43. Kh4 Qf3 44. Qc8 Qxf4+ 45. Kh3 Qxe5 46. a6 Qe6+ 47. Qxe6+ Nxe6 48. a7 Nc7 49. Kg3 Ke6 50. Kf4 Kf6 51. Ke4 g5 52. h3 e5 53. Ke3 g4 54. hxg4 hxg4 55.
Ke4 Kg5 56. Kxe5 g3 57. Kd6 Na8 58. Kc6 g2 59. Kb7 g1=Q 60. Kxa8 Kf6 61. Kb7 Qb1+ 62. Kc7 Qc2+ 63. Kb7 Qb3+ 64. Ka8 Qa4 65. Kb7 Qb5+ 66. Ka8 Qa6 67. Kb8 Qb6+ 68. Ka8 Qc6+ 69. Kb8 Qb5+ 70. Kc7 Ke7 71. a8=Q Qd7+ 72. Kb6 Qd8+ 73. Ka7 Qxa8+ 74. Kxa8 1/2-1/2

[Event "*** SCC Grand Prix: Titled Tuesday Blitz"]
[Site "Chess.com"]
[Date "2020.08.04"]
[Round "6"]
[White "Nara_Kh"]
[Black "Alberquintin"]
[Result "0-1"]
[WhiteElo "2328"]
[BlackElo "2473"]
[TimeControl "180+1"]
[EndTime "14:52:47 PDT"]
[Termination "Alberquintin won by resignation"]

1. e4 e5 2. Nf3 Nc6 3. Bb5 a6 4. Ba4 Nf6 5. O-O Bc5 6. d3 d6 7.
h3 h6 8. Nc3 O-O 9. Ne2 b5 10.
Bb3 Na5 11. c3 Nxb3 12. axb3 a5 13. b4 Bb6 14. bxa5 Rxa5 15. Rxa5 Bxa5 16. Ng3 Bb6 17.
d4 exd4 18. Nxd4 Re8 19. Re1 Kh7 20. Nxb5 Bb7 21. Qd3 Kg8 22. Nd4 Nd7 23. Kh2 Nc5 24.
Qc2 Ne6 25. Ndf5 Ng5 26. f3 d5 27. e5 d4 28. cxd4 Bxf3 29. Bxg5 Qxg5 30. gxf3 g6 31. Ne4 Qf4+ 32. Nfg3 Kg7 33. Qd2 Qxd2+ 34. Nxd2 Bxd4 35. Nc4 Rb8 36. Re2 Rb4 37. Rc2 Rb3 38. Kg2 Rd3 39. Ne4 Rd1 40. Rd2 Rg1+ 41. Kh2 Ba7 42. Rg2 Rc1 43.
Ned2 Bd4 44. Re2 Kf8 45. f4 h5 46. Kg3 Bc5 47. Kf3 Rh1 48. Ke4 Rxh3 49. Kd5 Ba7 50. Ne4 h4 51. Nf6 Rd3+ 52. Kc6 h3 53. Rh2 Bg1 54.
Rh1 h2 55. b4 Rc3 56. Kd5 Rf3 57. Ng4 Rxf4 58. Nxh2 Rd4+ 59. Kc6 Rxc4+ 60. Kd7 Bxh2 61. Rf1 Rxb4 62. e6 Bd6 63. Rxf7+ Kg8 64. Rf6 Kg7 65. Rf7+ Kh6 66. e7 Bxe7 67. Rxe7 g5 68. Kxc7 Kh5 69.
Kd6 g4 70. Rh7+ Kg5 71. Rg7+ Kf4 72. Rf7+ Kg3 73. Ke5 Kh3 74. Rh7+ Kg2 75. Ra7 g3 76. Ra2+ Kh1 77. Ra1+ Kh2 78. Ra8 g2 79. Rh8+ Kg3 80.
Rg8+ Rg4 81. Rxg4+ Kxg4 0-1

[Event "*** SCC Grand Prix: Titled Tuesday Blitz"]
[Site "Chess.com"]
[Date "2020.08.04"]
[Round "6"]
[White "amintabatabaei"]
[Black "Dr-Bassem"]
[Result "1/2-1/2"]
[WhiteElo "2964"]
[BlackElo "2794"]
[TimeControl "180+1"]
[EndTime "14:52:54 PDT"]
[Termination "Game drawn by repetition"]

1. e4 e5 2. Nf3 Nc6 3. Bc4 Nf6 4. d3 h6 5. c3 d6 6. Nbd2 g6 7.
O-O Bg7 8. h3 O-O 9. d4 exd4 10.
cxd4 Nxe4 11. Nxe4 d5 12. Bxd5 Qxd5 13. Nc3 Qa5 14. d5 Ne7 15. Re1 Nf5 16. Bf4 Bd7 17. Ne5 Rad8 18. Qb3 Nd4 19. Qxb7 Bc8 20. Nc6 Bxb7 21.
Nxa5 Bxd5 22. Nxd5 Rxd5 23. Nc4 Nc2 24. Ne3 Nxe3 25.
Bxe3 Bxb2 26. Rab1 Bg7 27. Bxa7 Ra5 28. Rb7 c5 29. Bb6 Rxa2 30. Bxc5 Rc8 31. Be3 h5 32. h4 Ra1 33. Rxa1 Bxa1 34. g3 Bf6 35. Kg2 Kg7 36. Kf3 Rc3 37. Ke4 Rc4+ 38. Kd5 Ra4 39. Kd6 Bd4 40.
Bf4 Ra2 41. Kd5 Bf6 42. Be3 Ra5+ 43. Kd6 Ra6+ 44. Kd7 Re6 45. Bc5 Re5 46. Kc6 Re6+ 47. Kd7 Re5 48. Rc7 Re2 49. Rc8 Rd2+ 50. Kc6 Be5 51.
Re8 Kf6 52. Be3 Rd3 53. Kc5 Kf5 54. Kc4 Rc3+ 55. Kb4 Rd3 56. Kc4 Rc3+ 57. Kb4 Rc6 58. Bc5 f6 59. Rg8 Rc7 60. Be3 Rc2 61. Kb3 Rc3+ 62. Kb4 Rc2 63. Bc5 Re2 64. Kc4 g5 65. hxg5 fxg5 66. Be3 Bf6 67. Rf8 Kg6 68. Rg8+ Kf7 69.
Ra8 h4 70. gxh4 gxh4 71. Ra7+ Kg6 72. Ra6 Kf5 73. Ra5+ Kg4 74. Ra8 h3 75. Rg8+ Kh5 76.
Rg3 Kh4 77. Rg6 Be5 78. Rh6+ Kg4 79. Kd5 Bc3 80. Ke4 Bd2 81. Rg6+ Kh5 82. Rh6+ Kg4 83.
Rg6+ Kh5 84. Rh6+ Kg4 1/2-1/2

[Event "*** SCC Grand Prix: Titled Tuesday Blitz"]
[Site "Chess.com"]
[Date "2020.08.04"]
[Round "6"]
[White "ace_mar"]
[Black "ferdipy"]
[Result "1/2-1/2"]
[WhiteElo "2460"]
[BlackElo "2326"]
[TimeControl "180+1"]
[EndTime "14:53:37 PDT"]
[Termination "Game drawn - insufficient material"]

1. d4 e5 2. dxe5 d6 3. Nf3 Nc6 4. e4 Bg4 5. exd6 Bxd6 6. Nc3 Qe7 7.
Bb5 O-O-O 8. Bxc6 bxc6 9. Qe2 Bc5 10. Qa6+ Kb8 11. Qxc6 Rd6 12. Qb5+ Rb6 13. Qc4 Bb4 14.
Bd2 Nf6 15. O-O-O Be6 16. Nd5 Bxd2+ 17. Rxd2 Qd6 18. Nxb6 Bxc4 19. Rxd6 axb6 20. Rd4 Ba6 21. e5 Nh5 22. g4 Bb7 23. gxh5 Bxf3 24. Rg1 g6 25. Rf4 Bd5 26. hxg6 hxg6 27. h4 Be6 28. Rd4 c5 29. Rf4 b5 30. c3 Kc7 31. a4 Ra8 32.
Kd2 bxa4 33. Ra1 Bb3 34. c4 Rf8 35. Kc3 Kd7 36. Rf6 Ke7 37. Rd6 Rh8 38. Rh1 Rh5 39. f4 Ba2 40. Rc6 Rf5 41. Rxc5 Rxf4 42. Rc7+ Ke6 43.
h5 Rf3+ 44. Kd4 gxh5 45. Rxh5 Rf4+ 46. Kd3 Bb1+ 47. Ke3 Rg4 48. Rh6+ Bg6 49. Rh8 Kxe5 50. Ra8 Rg3+ 51. Kd2 Rg2+ 52. Kc3 Rc2+ 53. Kb4 Rxb2+ 54. Kc5 Bc2 55. Rxf7 Ke6 56. Rfa7 Bb3 57. Kd4 Rc2 58. Ra6+ Kf5 59. c5 Rc4+ 60. Kd3 Rxc5 61. Kd4 Rc4+ 62. Kd3 Rc5 63. Kd2 Rd5+ 64. Kc3 Rc5+ 65. Kb2 Rc2+ 66.
Ka3 Ra2+ 67. Kb4 Re2 68. Ra5+ Re5 69. R5a7 Re4+ 70. Ka3 Re6 71. Rf8+ Rf6 72. Rb8 Re6 73. Ra5+ Re5 74. Ra7 Ke4 75. Rf8 Rd5 76. Rg7 Kd4 77. Rg4+ Kc5 78. Rc8+ Kd6 79. Rg6+ Ke5 80. Re8+ Kd4 81.
Rg4+ Kc5 82. Rg3 Rd1 83. Rc8+ Kb5 84. Rg5+ Ka6 85. Rc6+ Kb7 86. Rh6 Rd7 87. Rhg6 Kc7 88. Rf6 Kb7 89. Rc5 Rc7 90. Re5 Rd7 91. Rfe6 Kc7 92.
Rf6 Kb7 93. Rf4 Kc7 94. Rb4 Kd6 95. Re3 Rc7 96. Rd3+ Ke5 97. Rb5+ Ke4 98. Rd6 Re7 99. Rd8 Ke3 100. Rdb8 Re4 101. Rxb3+ axb3 102. Rxb3+ Kf4 103. Rb4 Rxb4 104. Kxb4 1/2-1/2

[Event "*** SCC Grand Prix: Titled Tuesday Blitz"]
[Site "Chess.com"]
[Date "2020.08.04"]
[Round "7"]
[White "Vadim_Biliy"]
[Black "coocloo"]
[Result "1-0"]
[WhiteElo "2236"]
[BlackElo "1983"]
[TimeControl "180+1"]
[EndTime "14:56:10 PDT"]
[Termination "Vadim_Biliy won by checkmate"]

1. d4 d5 2. Nf3 Nf6 3. e3 e6 4.
Bd3 Be7 5. O-O O-O 6. b3 b6 7.
Bb2 Bb7 8. Ne5 c5 9. Qf3 Nbd7 10.
Qh3 h6 11. Nd2 Nxe5 12. dxe5 Nd7 13. f4 Re8 14. f5 exf5 15. Qxf5 Nf8 16. Qxf7+ Kh8 17.
e6 Bc8 18. Qxg7# 1-0

[Event "*** SCC Grand Prix: Titled Tuesday Blitz"]
[Site "Chess.com"]
[Date "2020.08.04"]
[Round "7"]
[White "Keithonsky"]
[Black "KarstenHansch"]
[Result "1-0"]
[WhiteElo "2565"]
[BlackElo "2407"]
[TimeControl "180+1"]
[EndTime "14:56:33 PDT"]
[Termination "Keithonsky won by resignation"]

1. d4 d5 2. c4 e6 3. Nf3 Nf6 4.
g3 Be7 5. Bg2 O-O 6. O-O dxc4 7.
Ne5 Nc6 8. Bxc6 bxc6 9. Nxc6 Qe8 10. Nxe7+ Qxe7 11. Qa4 e5 12. dxe5 Qxe5 13. Nc3 Be6 14.
Bf4 Qh5 15. Bxc7 Nd5 16. Qa5 Rac8 17. Bd6 Rfd8 18. Be7 Rd7 19. Ba3 Qh3 20. Rfd1 Nxc3 21. bxc3 Rcd8 22. Qxd8+ 1-0

[Event "*** SCC Grand Prix: Titled Tuesday Blitz"]
[Site "Chess.com"]
[Date "2020.08.04"]
[Round "7"]
[White "kosya4ok"]
[Black "Lion-Al-Messi"]
[Result "1-0"]
[WhiteElo "2712"]
[BlackElo "2477"]
[TimeControl "180+1"]
[EndTime "14:57:16 PDT"]
[Termination "kosya4ok won by resignation"]

1. d4 d5 2. c4 c6 3. Nf3 Nf6 4. e3 e6 5. Nc3 Nbd7 6. Bd3 dxc4 7. Bxc4 b5 8. Be2 Bd6 9. O-O O-O 10. e4 e5 11. Bg5 Qc7 12. h3 exd4 13. Nxd4 h6 14. Be3 Bh2+ 15. Kh1 b4 16. Ncb5 cxb5 17. Rc1 Qe5 18.
Nc6 Qd6 19. Qc2 Bf4 20. Rfd1 Bxe3 21. Rxd6 Bxc1 22. Qxc1 Nxe4 23. Ne7+ Kh7 24. Bd3 f5 25. Bxe4 fxe4 26. Qc6 Nf6 27. Qxa8 e3 28. fxe3 1-0

[Event "*** SCC Grand Prix: Titled Tuesday Blitz"]
[Site "Chess.com"]
[Date "2020.08.04"]
[Round "7"]
[White "DenLaz"]
[Black "ChessSwole"]
[Result "1-0"]
[WhiteElo "2724"]
[BlackElo "2394"]
[TimeControl "180+1"]
[EndTime "14:57:29 PDT"]
[Termination "DenLaz won by resignation"]

1. d4 Nf6 2. Nf3 d5 3. c4 e6 4. Nc3 c6 5. e3 a6 6. c5 g6 7.
Be2 Bg7 8. O-O O-O 9. b4 Nbd7 10. Bb2 Re8 11. Na4 Ne4 12. Ne5 Nxe5 13. dxe5 Qc7 14. f3 Ng5 15. h4 Bxe5 16. hxg5 Bxb2 17. Nxb2 Qe5 18. Qd4 Qxg5 19. f4 Qh6 20. Nd3 Qh4 21.
Rf3 a5 22. b5 cxb5 23. Raf1 Bd7 24. Ne5 Bc6 25. Rh3 Qf6 26. g4 Qg7 27. g5 a4 28. Ng4 Qxd4 29. exd4 Kg7 30. Kf2 Rh8 31. Rfh1 b4 32. Rb1 b3 33. axb3 a3 34. Ra1 Ra7 35. b4 h5 36. gxh6+ Kf8 37. b5 Be8 38. Rhxa3 1-0

[Event "*** SCC Grand Prix: Titled Tuesday Blitz"]
[Site "Chess.com"]
[Date "2020.08.04"]
[Round "7"]
[White "Flopezin"]
[Black "superchess02"]
[Result "0-1"]
[WhiteElo "2351"]
[BlackElo "2721"]
[TimeControl "180+1"]
[EndTime "14:57:42 PDT"]
[Termination "superchess02 won by resignation"]

1. c4 Nf6 2. Nc3 e6 3. e4 d6 4. d4 Nbd7 5. Nf3 c5 6. h3 cxd4 7.
Nxd4 a6 8. Be3 Qc7 9. Be2 b6 10.
b3 Bb7 11. Qc2 d5 12. Rc1 dxe4 13. O-O h5 14. Rfd1 Bc5 15. Na4 Bd6 16. Qd2 Be5 17.
Bf1 Nc5 18. Nxc5 bxc5 19. Ne2 a5 20. Nc3 Ng4 21. hxg4 Bh2+ 22. Kh1 hxg4 23. Nb5 Bg1+ 0-1

[Event "*** SCC Grand Prix: Titled Tuesday Blitz"]
[Site "Chess.com"]
[Date "2020.08.04"]
[Round "7"]
[White "chessvr"]
[Black "AJSC02"]
[Result "0-1"]
[WhiteElo "2095"]
[BlackElo "2257"]
[TimeControl "180+1"]
[EndTime "14:57:43 PDT"]
[Termination "AJSC02 won by resignation"]

1. e4 c5 2. Nf3 Nc6 3. Bb5 Nf6 4.
e5 Nd5 5. c4 Ndb4 6. O-O a6 7.
Bxc6 dxc6 8. Nc3 Bf5 9. a3 Nc2 10. Ra2 Bd3 11. b3 Bxf1 12. Qxf1 Nd4 13. Ne4 Nxf3+ 14.
gxf3 e6 15. Qg2 Qd3 16. Rb2 O-O-O 17. b4 Qxc4 18. Nc3 cxb4 19. axb4 Bxb4 20. Qg4 Qxg4+ 21.
fxg4 Bxc3 22. dxc3 Rd1+ 23. Kg2 Rxc1 24. Rc2 Rxc2 0-1

[Event "*** SCC Grand Prix: Titled Tuesday Blitz"]
[Site "Chess.com"]
[Date "2020.08.04"]
[Round "7"]
[White "CookiesAndIceCream"]
[Black "serena-maria"]
[Result "0-1"]
[WhiteElo "2390"]
[BlackElo "2262"]
[TimeControl "180+1"]
[EndTime "14:58:04 PDT"]
[Termination "serena-maria won by resignation"]

1. e4 c5 2. Nf3 d6 3. d4 cxd4 4. Nxd4 Nf6 5. Nc3 g6 6. Be3 Bg7 7. f3 O-O 8. Qd2 Nc6 9. Bc4 Nd7 10. O-O-O Nb6 11. Be2 Ne5 12. Bg5 Be6 13. Kb1 Rc8 14.
Nxe6 fxe6 15. Bh6 Bxh6 16. Qxh6 Rxc3 17. bxc3 Na4 18. Ka1 Qa5 19. Qd2 Nxc3 20. Kb2 Qb4+ 21. Ka1 Qa3 0-1

[Event "*** SCC Grand Prix: Titled Tuesday Blitz"]
[Site "Chess.com"]
[Date "2020.08.04"]
[Round "7"]
[White "abykhovsky"]
[Black "Isajevsky_Anton"]
[Result "1-0"]
[WhiteElo "2773"]
[BlackElo "2585"]
[TimeControl "180+1"]
[EndTime "14:58:05 PDT"]
[Termination "abykhovsky won by resignation"]

1. Nf3 c5 2. c4 g6 3. Nc3 Bg7 4.
e3 Nf6 5. d4 cxd4 6. exd4 d5 7.
cxd5 Nxd5 8. Bc4 Nb6 9. Bb3 O-O 10. O-O Bg4 11. d5 N8d7 12. h3 Bxf3 13. Qxf3 Nc5 14. Bc2 Rc8 15. Rd1 Nc4 16. h4 Nd7 17. h5 Nf6 18. h6 Bh8 19. Rb1 a6 20. a4 Qd7 21.
Bb3 Rfd8 22. Bg5 Qf5 23. Qxf5 gxf5 24. Re1 Kf8 25. Bxc4 Rxc4 26. Re5 Rd4 27. Rbe1 Rd7 28. Rxf5 Nxd5 29. Nxd5 R4xd5 30. Rxd5 Rxd5 31. Bxe7+ Kg8 32. Bf6 1-0

[Event "*** SCC Grand Prix: Titled Tuesday Blitz"]
[Site "Chess.com"]
[Date "2020.08.04"]
[Round "7"]
[White "keepitcool9499"]
[Black "Shield12"]
[Result "0-1"]
[WhiteElo "2642"]
[BlackElo "2838"]
[TimeControl "180+1"]
[EndTime "14:58:10 PDT"]
[Termination "Shield12 won by resignation"]

1. d4 Nf6 2. c4 e6 3. Nc3 Bb4 4. Bd2 O-O 5. Nf3 b6 6. e3 Bb7 7.
Bd3 c5 8. a3 Ba5 9. Qc2 Qe7 10.
O-O d6 11. Ne4 Bxd2 12. Nfxd2 Nbd7 13. Nxf6+ Nxf6 14. Ne4 Bxe4 15. Bxe4 Rac8 16. d5 exd5 17. Bxd5 Nxd5 18. cxd5 Rfe8 19. Rad1 Qe4 20. Qxe4 Rxe4 21. Rd3 Rce8 22. Rfd1 f5 23. Kf1 Kf7 24. Ke2 f4 25.
Kf3 fxe3 26. Rxe3 Rxe3+ 27. fxe3 Kf6 28. Rf1 Ke5 29. Ke2 Re7 30. Rd1 Ke4 31. b4 g5 32. g4 h5 33. gxh5 Rh7 34. bxc5 bxc5 35. Rf1 Rxh5 36. Rf7 Rxh2+ 37. Kf1 Kxd5 38. Rxa7 c4 39.
a4 c3 40. Rc7 c2 41. Kg1 Rd2 42. a5 Rd1+ 43. Kg2 c1=Q 44. Rxc1 Rxc1 45. a6 Ra1 46. a7 Rxa7 47. Kg3 Ke4 48. Kg4 Kxe3 49.
Kxg5 d5 50. Kf6 d4 51. Ke6 d3 52. Ke5 d2 53. Kf5 d1=Q 54. Kg5 Qf3 55. Kh4 Qg2 0-1

[Event "*** SCC Grand Prix: Titled Tuesday Blitz"]
[Site "Chess.com"]
[Date "2020.08.04"]
[Round "7"]
[White "SilviusTiberius"]
[Black "BogdanDeac"]
[Result "0-1"]
[WhiteElo "2511"]
[BlackElo "2771"]
[TimeControl "180+1"]
[EndTime "14:58:39 PDT"]
[Termination "BogdanDeac won by resignation"]

1. e4 c5 2. Nf3 d6 3. d4 cxd4 4. Nxd4 Nf6 5. Nc3 a6 6. h3 e5 7. Nb3 Be6 8. Be3 Nc6 9. a4 Be7 10. a5 O-O 11. Qf3 Bxb3 12. cxb3 Nxa5 13. g4 Nxb3 14. Rd1 Nd4 15. Bxd4 exd4 16. Rxd4 Qb6 17. Rd2 d5 18. exd5 Rfe8 19. Bd3 Ba3+ 20. Kf1 Bxb2 21. Ne2 Qb4 22. Rd1 Ne4 23. Kg2 Nd6 24. g5 a5 25.
h4 a4 26. h5 Re5 27. g6 fxg6 28. hxg6 h6 29. Ng3 Rf8 0-1

[Event "*** SCC Grand Prix: Titled Tuesday Blitz"]
[Site "Chess.com"]
[Date "2020.08.04"]
[Round "7"]
[White "spicycaterpillar"]
[Black "Artur0208"]
[Result "1-0"]
[WhiteElo "2988"]
[BlackElo "2774"]
[TimeControl "180+1"]
[EndTime "14:58:47 PDT"]
[Termination "spicycaterpillar won by resignation"]

1. e4 e5 2. Nf3 Nc6 3. d4 exd4 4. Nxd4 Nf6 5. Nxc6 bxc6 6. e5 Qe7 7. Qe2 Nd5 8. c4 Ba6 9. Nd2 g6 10. Ne4 Bg7 11.
Bg5 Qxe5 12. Nc5 Nb4 13. Qxe5+ Bxe5 14. O-O-O d6 15. Re1 Nxa2+ 16. Kb1 Nb4 17. Nxa6 Nxa6 18. f4 O-O 19. fxe5 dxe5 20. Bf6 Rfe8 21. Rxe5 Rxe5 22.
Bxe5 Re8 23. Bc3 Nc5 24. Kc2 f5 25. Bd3 1-0

[Event "*** SCC Grand Prix: Titled Tuesday Blitz"]
[Site "Chess.com"]
[Date "2020.08.04"]
[Round "7"]
[White "elohunter1999"]
[Black "JonahWillow"]
[Result "1-0"]
[WhiteElo "2483"]
[BlackElo "2655"]
[TimeControl "180+1"]
[EndTime "14:58:51 PDT"]
[Termination "elohunter1999 won by resignation"]

1. e4 c5 2. Nf3 Nc6 3. d4 cxd4 4. Nxd4 g6 5. Nc3 Bg7 6. Be3 Nf6 7. Bc4 O-O 8. Bb3 d6 9. f3 Bd7 10. h4 Nxd4 11.
Bxd4 b5 12. h5 a5 13. hxg6 hxg6 14. Nd5 e5 15. Bb6 Qe8 16. Nxf6+ Bxf6 17. Qxd6 Qe7 18. O-O-O Bc8 19. Qxe7 Bxe7 20. Rh6 Kg7 21. Be3 a4 22. Bd5 Ra6 23. Rdh1 Be6 24. Bxe6 Rxe6 25. g4 a3 26.
Rh7+ 1-0

[Event "*** SCC Grand Prix: Titled Tuesday Blitz"]
[Site "Chess.com"]
[Date "2020.08.04"]
[Round "7"]
[White "RitvarsReimanis"]
[Black "KaterynaLagno"]
[Result "0-1"]
[WhiteElo "2507"]
[BlackElo "2729"]
[TimeControl "180+1"]
[EndTime "14:58:56 PDT"]
[Termination "KaterynaLagno won by resignation"]

1. d4 Nf6 2. c4 g6 3. Nc3 d5 4. cxd5 Nxd5 5. e4 Nxc3 6. bxc3 Bg7 7. Be3 c5 8. Qd2 O-O 9. Rc1 Nd7 10. Nf3 Qa5 11. Bd3 e5 12. d5 f5 13. Qe2 Nf6 14. Bd2 fxe4 15. Bxe4 Nxe4 16. Qxe4 Bf5 17. Qc4 b5 18.
Qxc5 Bd3 19. a3 Rac8 20. Qb4 Qb6 21. Be3 Qb7 22. d6 Rxf3 23. d7 Rd8 0-1

[Event "*** SCC Grand Prix: Titled Tuesday Blitz"]
[Site "Chess.com"]
[Date "2020.08.04"]
[Round "7"]
[White "Eternauta2400"]
[Black "Gareth-Bale11"]
[Result "0-1"]
[WhiteElo "2531"]
[BlackElo "2763"]
[TimeControl "180+1"]
[EndTime "14:59:06 PDT"]
[Termination "Gareth-Bale11 won by resignation"]

1. c4 e5 2. Nc3 Nf6 3. Nf3 d6 4. d4 Nbd7 5. e4 c6 6. Be2 Qc7 7. O-O g6 8. b4 Bg7 9. c5 exd4 10. Qxd4 dxc5 11. bxc5 O-O 12. e5 Nh5 13. Bb2 Nxe5 14. Qb4 Nxf3+ 15. Bxf3 Nf4 16. Rad1 a5 17. Qb6 Qxb6 18.
cxb6 Bf5 19. Na4 Bc2 20. Bxg7 Kxg7 21. Rd4 Ne6 0-1